 Dungeon Crawl Stone Soup version 0.27-a0-419-g7a85846853 (webtiles) character file.

Game seed: 6501173641362144192

9 Chiseanne the Bolt Thrower (level 2, 22/22 HPs)
             Began as a Demonspawn Wanderer on Feb 26, 2021.
             Quit the game on level 1 of the Dungeon.
             The game lasted 00:00:29 (156 turns).

Chiseanne the Bolt Thrower (Demonspawn Wanderer)     Turns: 156, Time: 00:00:29

Health: 22/22      AC:  5    Str: 12    XL:     2   Next: 6%
Magic:  2/2        EV:  9    Int: 13    God:
Gold:   19         SH:  3    Dex: 12    Spells: 1/1 levels left

rFire    . . .     SeeInvis .   a - +2 hand crossbow
rCold    . . .     Faith    .   d - +0 buckler
rNeg     . . .     Spirit   .   c - +0 ring mail
rPois    .         Reflect  .   (no helmet)
rElec    .         Harm     .   (no cloak)
rCorr    .         Rampage  .   (no gloves)
Will     .....                  (no boots)
Stlth    +.........             (no amulet)
HPRegen  0.07/turn              (no ring)
MPRegen  0.08/turn              (no ring)

@: no status effects
A: talons 1
a: no special abilities


You were on level 1 of the Dungeon.
You visited 1 branch of the dungeon, and saw 1 of its levels.

You collected 19 gold pieces.

Inventory:

Hand Weapons
 a - a +2 hand crossbow (weapon)
Missiles
 b - 16 bolts (quivered ammo)
 f - 19 arrows
 h - 41 stones
Armour
 c - a +0 ring mail (worn)
 d - a +0 buckler (worn)
Jewellery
 g - a +6 ring of dexterity
Scrolls
 e - a scroll of amnesia {unknown}


   Skills:
 * Level 2.2 Fighting
 - Level 1.7 Staves
 - Level 2.6 Crossbows
 - Level 1.0 Throwing
 * Level 0.5 Armour
 * Level 0.6 Dodging
 - Level 1.0 Stealth
 * Level 1.2 Shields


You had one spell level left.
You didn't know any spells.
Your spell library was empty.

Dungeon Overview and Level Annotations

Branches:
Dungeon (1/15)

Altars:


Innate Abilities, Weirdness & Mutations

You have sharp toenails.


Message History

You see here a rat corpse.
h - 18 stones You see here a rat corpse.
You see here a bat corpse.
b - 19 bolts (gained 1)
A goblin comes into view.
The goblin shouts!
Found 23 stones.
You shoot a bolt. The bolt closely misses the goblin.
You shoot a bolt. The bolt hits the goblin!
You kill the goblin!
No target in view!
No target in view!
No target in view!
No target in view!
No target in view!
No target in view!
No target in view!
No target in view!
No target in view!
No target in view!
No target in view!
No target in view!
No target in view!
No target in view!
No target in view!
You see here a goblin corpse.
h - 41 stones (gained 23)
b - 18 bolts (gained 1)
An ooze comes into view.
The ooze quivers.
You shoot a bolt. The bolt hits the ooze!
The ooze is heavily wounded.
You shoot a bolt. The bolt hits the ooze.
You kill the ooze!
You have reached level 2!
You feel monstrous as your demonic heritage exerts itself.
Your demonic ancestry asserts itself...
Your toenails lengthen and sharpen.
Are you sure you want to abandon this character and quit the game? (Confirm with "yes".)

....#.. # #...#.#
# ###. #...#.#
#.#.#. #...#.#
......####...#.#
.............#.#
..((...@##..##.##
.....(#.........#
............##..#
...........###..#
..##.####### #..#
......$ #..#
..... ...###..#
.... #........#
.... ###.####.#


There were no monsters in sight!

Vanquished Creatures
  An ooze (D:1)
  2 goblins (D:1)
  2 bats (D:1)
  A rat (D:1)
6 creatures vanquished.

Notes
Turn   | Place    | Note
-------+----------+-------------------------------------------
     0 | D:1      | Chiseanne the Demonspawn Wanderer began the quest for the
                  | Orb.
     0 | D:1      | Chiseanne set off with the following items: a +2 hand
                  | crossbow, 19 bolts, a +0 ring mail, a +0 buckler
     0 | D:1      | Reached XP level 1. HP: 16/16 MP: 1/1
   156 | D:1      | Gained mutation: You have sharp toenails. [demonic
                  | ancestry]
   156 | D:1      | Reached XP level 2. HP: 22/22 MP: 2/2
   156 | D:1      | Quit the game

Illustrated notes

Levels and vault maps discovered:
D:1:      sevenhm_arrival_forest_fort_small_3, layout_loops_ring

Action                   || total
-------------------------++-------
 Fire: Hand crossbow     ||    12
Dodge: Dodged            ||     1

Table legend: (Time is in decaauts)
 A = Elapsed time spent in this place.
 B = Non-inter-level travel time spent in this place.
 C = Inter-level travel time spent in this place.
 D = Time resting spent in this place.
 E = Time spent auto-exploring this place.
 F = Levels seen in this place.
 G = Mean time per level.
                   A        B        C        D        E       F      G
               +--------+--------+--------+--------+--------+-----+--------+
         Total |    161 |    161 |      0 |      0 |    137 |   1 |  161.0 |
       Dungeon |    161 |    161 |      0 |      0 |    137 |   1 |  161.0 |
               +--------+--------+--------+--------+--------+-----+--------+

Top non-repeatable levels by time:
     D:1: 161 daAuts
